AoeStats
← ogipochi_

Arena

508791670Analyzed
4v4 RM · 9d ago on Sep 24, 2026· 114m 46s· 8 players
Game mode
Random Map
Map size
Large (8 player)
Population
200
Speed
Normal
Resources
Standard
Victory
Conquest
Starting age
Dark Age
Ending age
Imperial Age
RankedLock teamsTeams togetherTeam positionsShared explorationLock speedFull tech treeHidden civsTurbo modeCheats
Victory
Defeat
🇬🇹 Danes · Guatemala
1049
+8
🇳🇱 Inca · Netherlands
940
+12
🇬🇹 Saxons · Guatemala
865
+14
🇺🇸 Teutons · United States
814
+16
🇳🇿 Danes · New Zealand
885
-14
🇯🇵 Saxons · Japan
837
-12
🇵🇪 Khitans · Peru
820
-12
🇪🇨 Maya · Ecuador
819
-12
ogipochi_
10:44 Feudal Age
9:01 Loom
11:31 Double-Bit Axe
11:37 Gold Mining
11:28 Horse Collar
11:40 Stone Mining
13:26 Wheelbarrow
13:42 Man-at-Arms
14:08 Arson
15:34 Forging
19:16 Castle Age
17:38 Scale Mail Armor
20:22 Hand Cart
20:40 Hand Cart
20:35 Squires
24:20 Gambesons
26:34 Bow Saw
27:01 Pikeman
30:39 Imperial Age
30:04 Iron Casting
29:44 Chain Mail Armor
29:40 Crossbowman
30:21 Fletching
30:31 Padded Archer Armor
31:19 Ballistics
31:05 Heavy Plow
30:53 Shield Wall
32:40 Town Watch
34:31 Chemistry
33:41 Siege Engineers
33:08 Cranequins
33:54 Bodkin Arrow
34:09 Murder Holes
35:10 Crop Rotation
34:49 Elite Varangian Guard
35:45 Thumb Ring
36:14 Plate Mail Armor
37:05 Gold Shaft Mining
xxx_Panther_xxx1
10:43 Feudal Age
8:59 Loom
15:34 Castle Age
14:22 Double-Bit Axe
17:38 Bow Saw
18:13 Horse Collar
27:16 Heavy Plow
30:35 Imperial Age
28:51 Wheelbarrow
28:01 Town Watch
28:35 Pikeman
29:19 Squires
29:30 Town Watch
30:38 Onager
30:45 Northmen's Fury
33:32 Scale Mail Armor
33:43 Forging
33:51 Halberdier
34:18 Arson
34:54 Siege Engineers
35:50 Chemistry
35:53 Hand Cart
35:38 Town Patrol
36:20 Siege Onager
42:23 Chain Mail Armor
42:44 Iron Casting
46:42 Plate Mail Armor
47:12 Blast Furnace
53:45 Elite Jomsviking
55:22 Conscription
56:40 Blast Furnace
80:31 Fletching
Yggdrasil
0:38 Loom
9:54 Feudal Age
10:27 Domestication
10:34 Double-Bit Axe
16:23 Wheelbarrow
19:31 Castle Age
19:35 Forging
20:24 Pastoralism
21:38 Iron Casting
23:31 Gold Mining
24:20 Bow Saw
25:43 Stone Mining
26:40 Town Watch
27:12 Hand Cart
27:48 Town Patrol
30:08 Stone Shaft Mining
30:10 Husbandry
30:45 Scale Barding Armor
30:33 Treadmill Crane
31:46 Gambesons
32:02 Squires
34:34 Imperial Age
34:10 Fletching
34:41 Chain Barding Armor
35:27 Fervor
34:46 Pikeman
35:25 Bodkin Arrow
35:31 Scale Mail Armor
35:25 Elite Fire Lancer
35:51 Arson
36:51 Bracer
37:28 Plate Barding Armor
36:16 Elite Steppe Lancer
38:06 Chemistry
37:56 Ballistics
39:05 Ordo Cavalry
39:33 Chain Mail Armor
40:41 Conscription
43:15 Plate Mail Armor
49:39 Lamellar Armor
50:04 Fortified Wall
50:33 Heavy Rocket Cart
55:02 Two-Man Saw
54:35 Transhumance
55:19 Parthian Tactics
54:16 Heavy Cavalry Archer
55:41 Thumb Ring
89:57 Light Cavalry
90:34 Hussar
106:52 Caravan
107:03 Guilds
Junior
0:36 Loom
12:12 Feudal Age
16:25 Castle Age
14:54 Double-Bit Axe
14:51 Horse Collar
15:43 Stone Mining
18:35 Bow Saw
19:30 Heavy Plow
23:42 Fervor
30:45 Imperial Age
29:38 Fletching
29:45 Gold Mining
30:31 Stone Shaft Mining
31:23 Wheelbarrow
31:20 Padded Archer Armor
32:24 Bodkin Arrow
32:51 Ballistics
34:24 Chemistry
33:44 Murder Holes
34:43 Bracer
35:25 Conscription
35:06 Capped Ram
35:39 Treadmill Crane
36:17 Hand Cart
35:47 Town Watch
37:44 Leather Archer Armor
37:42 Sappers
38:20 Siege Ram
40:23 Ring Archer Armor
40:05 Masonry
39:20 Elite Plumed Archer
42:55 Two-Man Saw
42:26 Crop Rotation
47:25 Architecture
49:16 Fortified Wall
50:01 Hul'che Javelineers
50:42 Hoardings
53:57 Holcans
60:30 Pikeman
61:32 Scale Mail Armor
61:42 Forging
62:11 Squires
65:18 Chain Mail Armor
66:54 Halberdier
67:20 Arson
69:46 Iron Casting
69:43 Plate Mail Armor
69:44 Elite Skirmisher
69:44 Elite Skirmisher
70:30 Thumb Ring
SMAUG_AM
11:55 Feudal Age
17:54 Castle Age
16:16 Double-Bit Axe
17:20 Stone Mining
17:14 Horse Collar
32:46 Imperial Age
34:08 Fortified Wall
36:27 Wheelbarrow
35:48 Elite Skirmisher
35:50 Cranequins
42:31 Hand Cart
42:02 Town Watch
44:08 Bow Saw
52:55 Caravan
56:49 Town Patrol
60:36 Heavy Plow
60:39 Town Patrol
60:05 Onager
60:38 Pikeman
61:19 Squires
61:04 Arson
62:05 Gold Mining
62:42 Shield Wall
65:18 Padded Archer Armor
65:08 Fletching
65:29 Forging
65:19 Scale Mail Armor
66:26 Halberdier
68:40 Thumb Ring
69:32 Leather Archer Armor
69:13 Bodkin Arrow
69:54 Iron Casting
69:34 Chain Mail Armor
70:21 Capped Ram
71:39 Elite Varangian Guard
77:09 Siege Ram
81:35 Heavy Scorpion
86:22 Crossbowman
87:59 Arbalester
105:46 Bracer
106:17 Ring Archer Armor
107:43 Plate Mail Armor
107:19 Scale Barding Armor
114:50 Town Patrol
114:35 Loom
115:14 Chain Barding Armor
114:42 Gambesons
114:17 Man-at-Arms
xxyvonnederful
12:44 Feudal Age
13:37 Double-Bit Axe
16:17 Castle Age
14:16 Horse Collar
17:49 Wheelbarrow
17:44 Heavy Plow
18:00 Bow Saw
21:44 Gold Mining
22:48 Hand Cart
25:01 Scale Barding Armor
25:07 Forging
27:56 Imperial Age
25:13 Loom
25:15 Town Watch
26:21 Stone Mining
26:56 Chain Barding Armor
27:12 Iron Casting
28:39 Bloodlines
28:05 Cavalier
30:25 Conscription
29:41 Paladin
31:20 Plate Barding Armor
32:09 Fortified Wall
32:12 Masonry
32:40 Hoardings
33:57 Blast Furnace
32:50 Fletching
34:46 Capped Ram
36:19 Ballistics
58:40 Guard Tower
62:49 Scale Mail Armor
72:08 Elite Skirmisher
74:47 Keep
75:19 Chemistry
76:26 Crenellations
90:47 Bodkin Arrow
91:08 Chain Mail Armor
107:27 Pikeman
108:10 Squires
lipesius
12:23 Feudal Age
13:26 Double-Bit Axe
17:28 Castle Age
24:27 Loom
28:38 Imperial Age
29:28 Wheelbarrow
28:39 Town Watch
29:06 Fletching
30:24 Chemistry
28:52 Capped Ram
29:56 Conscription
29:32 Elite Varangian Guard
30:13 Squires
29:58 Gambesons
31:53 Scale Mail Armor
32:04 Forging
33:00 Pikeman
34:22 Chain Mail Armor
34:42 Iron Casting
34:54 Scale Barding Armor
34:55 Halberdier
35:44 Hamask
38:46 Chain Barding Armor
39:00 Plate Mail Armor
38:24 Light Cavalry
39:15 Bloodlines
39:06 Husbandry
48:44 Hand Cart
48:29 Town Patrol
51:36 Blast Furnace
51:49 Blast Furnace
56:15 Plate Barding Armor
56:09 Fletching
56:20 Padded Archer Armor
64:52 Siege Ram
66:15 Elite Skirmisher
67:01 Thumb Ring
80:26 Bodkin Arrow
80:50 Leather Archer Armor
Bart
0:27 Loom
11:34 Feudal Age
15:46 Castle Age
14:10 Horse Collar
14:53 Double-Bit Axe
15:33 Stone Mining
18:25 Heavy Plow
18:57 Bow Saw
22:55 Wheelbarrow
22:20 Gold Mining
24:31 Hand Cart
30:11 Imperial Age
27:57 Elite Skirmisher
28:56 Thumb Ring
28:35 Pikeman
29:15 Squires
29:01 Arson
28:37 Champi Runner
29:13 Fletching
29:24 Padded Archer Armor
29:24 Scale Mail Armor
29:36 Forging
29:47 Town Watch
30:08 Andean Sling
30:06 Bodkin Arrow
29:44 Champi Runner
30:59 Ballistics
30:35 Murder Holes
30:51 Fortified Wall
30:52 Masonry
30:25 Treadmill Crane
30:25 Champi Warrior
31:23 Leather Archer Armor
32:03 Gold Shaft Mining
32:06 Stone Shaft Mining
32:03 Chain Mail Armor
32:50 Chemistry
32:08 Siege Engineers
32:18 Elite Champi Warrior
33:39 Bracer
36:15 Conscription
36:47 Halberdier
38:02 Plate Mail Armor
39:21 Ring Archer Armor
39:27 Iron Casting
41:52 Elite Kamayuk
42:33 Fabric Shields
45:51 Hoardings
77:51 Crop Rotation
78:27 Blast Furnace
113:06 Town Patrol
Connection lost

Rejoining the realm…

Still unreachable

The connection could not be restored.

Session expired

The server has moved on; the page needs a fresh start.